Unix NetHack Version 5.0.0-0 post-release - last build May  4 2026 22:22:43 (774f63e81ad911689b3a0859ea89b322d5daca8d,branch:main).

Game began 2026-05-06 23:40:43, ended 2026-05-07 01:29:52.

IceCreamJones, lawful female human Priestess

                                                  ##
                   --------------------------------#
                   |..............................|#
                   |.-----------.......--------...|###q@#####
                   |.-..|(((|..|.------|..|]]+|...|#        ##     -------
                   |.|..|(((|..|.|.....|..|+.+|...|#         ##  ##..<...|
                   |.---|...||--.|.._..|-||...|...|#    -----######|.....|
                   |....-|---....|.....|..--|--...|#    |....#    #|.....|
                   |.............|.... |..........|# ###-...|######......|
                   |...........{.--|----.{........|# #  |...|%     -------
                   |..............................|# #  |...|#
                   |...-|---|--...........---|-...|###  |...|#
                   |...|..)|..|---)-------|...|...|#    |...|#
                   |...|!%%|.)|..|.|..%|..|(((|...|#    -----#
                   |...|.?)|--|..-.-...|..|*((|...|###########
                   |...-----..----.-----(------...-#
                   |..............................|
                   --------------------------------

IceCreamJones the Adept      St:17 Dx:11 Co:17 In:11 Wi:18 Ch:11  Lawful
Dlvl:6  $:113 HP:0(56) Pw:128(128) AC:3  Xp:8 T:10242 

Latest messages:
 You kill the gnome lady!
 You see here a gnome lady corpse.
 There is a gnome lady corpse here; eat it? [ynq] (n) y
 This gnome lady corpse is gamey.
 You smell a dragon!
 You finish eating the gnome lady corpse.
 You see here a heavy iron ball (chained to you).
 You smell a dragon!
 There is a partly eaten giant beetle corpse here; eat it? [ynq] (n) y
 Ecch - that must have been poisonous!
 You seem unaffected by the poison.
 You finish eating the giant beetle corpse.
 You see here a blessed potion of confusion.
 V - a blessed potion of confusion.
 You see here a heavy iron ball (chained to you).
 There is an open door here.
 You see here a leash.
 What do you want to wield? [- apstvNUW or ?*] a
 You are already wielding that!
 You smell fish.
 You see here a heavy iron ball (chained to you).
 That boulder is a large mimic!
 You cannot escape from the large mimic!
 You hit the large mimic!
 You hit the large mimic!
 You hit the large mimic!
 You kill the large mimic!
 You see here a heavy iron ball (chained to you).
 What do you want to wield? [- apstvNUW or ?*] a
 You are already wielding that!
 You find a hidden passage.
 The glass golem hits!
 The glass golem hits again!
 The glass golem hits!
 The glass golem hits again!
 You see here a heavy iron ball (chained to you).
 You hear someone praising Hermes.
 What do you want to wield? [- apstvNUW or ?*] a
 You are already wielding that!
 You see here a heavy iron ball (chained to you).
 The leocrotta hits!
 The leocrotta bites!
 The leocrotta hits!
 The leocrotta hits!
 You die...
 Do you want your possessions identified? [ynq] (y) y
 Do you want to see your attributes? [ynq] (y) n
 Do you want an account of creatures vanquished? [ynaq] (y) n
 Do you want to see your conduct and achievements? [ynq] (y) n
 Do you want to see the dungeon overview? [ynq] (y) n

Inventory:
 Coins    ('$')
  $ - 113 gold pieces
 Weapons  (')')
  N - 6 blessed +0 crossbow bolts
  p - 5 +2 crossbow bolts
  U - 30 +0 crossbow bolts
  W - a +0 crossbow
  v - a blessed +1 dart
  s - 10 +0 darts (at the ready)
  t - a +0 aklys
  a - a blessed +1 mace (weapon in right hand)
 Armor    ('[')
  S - a greased rustproof +2 orcish helm (being worn)
  f - a +0 pair of elven boots (being worn)
  c - a +0 small shield (being worn)
  O - a +0 mummy wrapping
  q - a greased +0 robe (being worn)
 Comestibles  ('%')
  K - a lizard corpse
 Spellbooks  ('+')
  M - a blessed spellbook of confuse monster
 Potions  ('!')
  V - a blessed potion of confusion
 Rings    ('=')
  n - a ring of warning (on right hand)
 Wands    ('/')
  Q - a wand of sleep (0:4)
  g - a wand of teleportation (0:2)
 Tools    ('(')
  b - a bag of holding containing 12 items
  r - a skeleton key
  F - 2 tallow candles
 Gems/Stones  ('*')
  I - a black opal
  L - a worthless piece of black glass
  P - 2 worthless pieces of blue glass
  x - a worthless piece of green glass
  A - a worthless piece of yellow glass

Contents of the bag of holding:
  a scroll of blank paper
  a cursed scroll of blank paper
  a scroll of destroy armor
  a scroll of fire
  a scroll of identify
  2 potions of healing
  a potion of paralysis
  4 potions of holy water
  a can of grease (0:15)
  a magic marker (0:21)
  a cursed magic marker (0:85)
  a towel

IceCreamJones the Priestess's attributes:

Background:
 You were an Adept, a level 8 human Priestess.
 You were lawful, on a mission for Athena
 who was opposed by Hermes (neutral) and Poseidon (chaotic).
 You were right-handed.
 You were in the Gnomish Mines, on level 6.
 You entered the dungeon 10242 turns ago.
 It was nighttime.
 You had 1950 experience points, 610 more were needed to attain level 9.

Basics:
 You had 0 out of 56 hit points.
 You had all 128 energy points (spell power).
 Your armor class was 3.
 Your wallet contained 113 zorkmids.
 Autopickup was off.

Final Characteristics:
 Your strength was 17 (limit:18/100).
 Your dexterity was 11 (limit:18).
 Your constitution was 17 (limit:18).
 Your intelligence was 11 (limit:18).
 Your wisdom was 18 (limit:18).
 Your charisma was 11 (limit:18).

Final Status:
 You were chained to a heavy iron ball.
 You weren't hungry.
 You were unencumbered.
 You were wielding a mace.
 You had expert skill with mace.

Final Attributes:
 You were piously aligned.
 You were poison resistant.
 You were telepathic.
 You were warned.
 You were stealthy.
 You were guarded.
 Your spell casting was enhanced by wearing a robe.
 You are dead.

Miscellaneous:
 You didn't encounter any bones levels.
 Total elapsed playing time was 1 hour, 24 minutes and 19 seconds.

Major events:
 Turn
    1: IceCreamJones the lawful human Priestess entered the dungeon
  877: attained the rank of Acolyte (level 3)
  964: entered the Gnomish Mines
 3225: attained the rank of Adept (level 6)
 8936: reached Mine Town
10242: killed by a chameleon imitating a leocrotta

Spells:
 Name                 Level Category     Fail Retention
 light                  1   clerical       0%   41%-50%
 cure sickness          3   healing       68%   26%-50%
 confuse monster        1   enchantment    0%  76%-100%

Skills:
 Fighting Skills
   bare handed combat [Unskilled]
 Weapon Skills
   club               [Unskilled]
   mace               [Expert]
   morning star       [Unskilled]
   flail              [Unskilled]
   hammer             [Unskilled]
   quarterstaff       [Unskilled]
   polearms           [Unskilled]
   spear              [Unskilled]
   trident            [Unskilled]
   lance              [Unskilled]
   bow                [Unskilled]
   sling              [Unskilled]
   crossbow           [Basic]
   dart               [Unskilled]
   shuriken           [Unskilled]
   boomerang          [Unskilled]
   unicorn horn       [Unskilled]
 Spellcasting Skills
   healing spells     [Unskilled]
   divination spells  [Unskilled]
   clerical spells    [Basic]

Voluntary challenges:
 Character rerolling was not enabled.
 You never genocided any monsters.
 You never polymorphed an object.
 You never changed form.
 You used no wishes.
Achievements:
 You attained the rank of Acolyte.
 You entered the Gnomish Mines.
 You entered a shop.
 You attained the rank of Adept.
 You entered Minetown.
 You entered a temple.

 The Dungeons of Doom: levels 1 to 6
    Level 1:
    Level 2:
       A grave.
       Stairs down to The Gnomish Mines.
    Level 3:
       A general store.
    Level 4:
       A fountain.
    Level 5:
       Many fountains.
       Oracle of Delphi.
    Level 6:
 The Gnomish Mines: levels 3 to 6
    Level 3:
    Level 4:
    Level 5:
    Level 6: <- You were here.
       Many shops, a temple and an altar, some fountains.
       Final resting place for
          you, killed by a chameleon imitating a leocrotta.


Vanquished creatures:
  a large mimic
  a warhorse
  2 elf mummies
  a giant beetle
  2 leprechauns
 an iron piercer
  a lizard
  a dingo
  a dog
  a blue jelly
  a raven
  a plains centaur
  5 human zombies
  a Mordor orc
  2 orc shamans
  a rock piercer
  3 rock moles
  a pony
  4 yellow lights
  4 shriekers
  8 gnome leaders
  2 gnomish wizards
  a kobold mummy
  a golden naga hatchling
  a guardian naga hatchling
  2 gray oozes
 an elf zombie
  a ghoul
  2 paper golems
  6 giant ants
  5 floating eyes
  3 kittens
  3 dwarves
  3 homunculi
  3 kobold shamans
 11 hill orcs
  a rothe
  4 giant bats
  a monkey
  7 orc zombies
  3 dwarf zombies
  2 wererats
  8 iguanas
  7 killer bees
  3 acid blobs
  5 coyotes
  2 gas spores
  2 hobbits
  6 giant rats
  8 cave spiders
  3 yellow molds
  2 green molds
  4 red molds
 32 gnomes
  4 gnome zombies
  8 geckos
  8 jackals
  3 foxes
  5 goblins
  2 sewer rats
  3 grid bugs
  7 lichens
  a kobold zombie
  5 newts
234 creatures vanquished.

No species were genocided or became extinct.

Game over:
                       ----------
                      /          \
                     /    REST    \
                    /      IN      \
                   /     PEACE      \
                  /                  \
                  |  IceCreamJones   |
                  |      113 Au      |
                  |   killed by a    |
                  |    chameleon     |
                  |   imitating a    |
                  |    leocrotta     |
                  |       2026       |
                 *|     *  *  *      | *
        _________)/\\_//(\/(/\)/\//\/|_)_______

Goodbye IceCreamJones the Priestess...

You died in The Gnomish Mines on dungeon level 6 with 8282 points,
and 113 pieces of gold, after 10242 moves.
You were level 8 with a maximum of 56 hit points when you died.

